 Dungeon Crawl Stone Soup version 0.29.1-2-gbd0b4ee654 (webtiles) character file.

Game seed: 11001698442029098832

177 safid the Shooter (level 5, -7/48 HPs)
             Began as a Minotaur Hunter on Oct 24, 2022.
             Mangled by Edmund
             ... wielding a +4 dire flail of protection
              (14 damage)
             ... on level 4 of the Dungeon.
             The game lasted 00:04:07 (3001 turns).

safid the Shooter (Minotaur Hunter)                 Turns: 3001, Time: 00:04:08

Health: -7/48      AC:  6    Str: 22    XL:     5   Next: 30%
Magic:  4/4        EV: 10    Int:  6    God:
Gold:   147        SH:  0    Dex: 15    Spells: 4/4 levels left

rFire   . . .      SeeInvis .   a - +0 shortbow
rCold   . . .      Faith    .   (shield currently unavailable)
rNeg    . . .      Spirit   .   t - +0 scale mail
rPois   .          Reflect  .   (helmet restricted)
rElec   .          Harm     .   (no cloak)
rCorr   .          Rampage  .   (no gloves)
Will    .....                   (no boots)
Stlth   ..........              (no amulet)
HPRegen 0.16/turn               l - +6 ring of strength
MPRegen 0.09/turn               (no ring)

@: no status effects
A: horns 2, retaliatory headbutt
a: no special abilities


You were on level 4 of the Dungeon.
You visited 1 branch of the dungeon, and saw 4 of its levels.

You collected 147 gold pieces.

Inventory:

Hand Weapons
 a - a +0 shortbow (weapon)
Armour
 t - a +0 scale mail (worn)
Jewellery
 l - a +6 ring of strength (left hand)
Scrolls
 b - a scroll of magic mapping {unknown}
 d - a scroll of vulnerability {unknown}
 e - a scroll of acquirement {unknown}
 f - 2 scrolls of enchant weapon {unknown}
 h - a scroll of butterflies {unknown}
 i - 2 scrolls of identify {unknown}
 k - a scroll of noise {unknown}
 m - a scroll of amnesia {unknown}
 o - a scroll of teleportation {unknown}
 q - a scroll of torment {unknown}
 s - a scroll of poison {unknown}
Potions
 g - 4 potions of curing {unknown}
 j - a potion of invisibility {unknown}
 n - a potion of heal wounds {unknown}
 p - 2 potions of might {unknown}
 r - a potion of haste


   Skills:
 + Level 5.0 Fighting
 + Level 6.0 Ranged Weapons
 - Level 2.1 Dodging
 - Level 0.7 Stealth


You had 4 spell levels left.
You didn't know any spells.
Your spell library was empty.

Dungeon Overview and Level Annotations

Branches:
Dungeon (4/15)
 Temple: D:4-7

Altars:

Shops:
D:3 :

Annotations:
D:4 Edmund


Innate Abilities, Weirdness & Mutations

You have a pair of horns on your head.
You reflexively headbutt those who attack you in melee.


Message History

You kill the howler monkey!
Your Fighting skill increases to level 5!
Your Ranged Weapons skill increases to level 6!
You shoot an arrow.
The arrow hits Edmund but does no damage.
Edmund hits you with a +4 dire flail of protection.
You shoot an arrow. The arrow hits Edmund!
Edmund is lightly wounded.
Edmund closely misses you. You furiously retaliate!
You headbutt Edmund. You shoot an arrow. The arrow hits Edmund.
Edmund is moderately wounded.
Edmund hits you with a +4 dire flail of protection!
You shoot an arrow. The arrow hits Edmund.
Edmund is moderately wounded.
Edmund closely misses you.
Edmund hits you with a +4 dire flail of protection!
You are too injured to fight recklessly!
You are too injured to fight recklessly!
You are too injured to fight recklessly!
You are too injured to fight recklessly!
Fire: a) +0 shortbow
Press: ? - help, Q - select action Shift-Dir - straight line, f/p - Edmund
Aim: Edmund, wielding a +4 dire flail of protection and wearing a +0 ring mail (moderately wounded, 68% to hit)
You shoot an arrow. The arrow barely misses Edmund.
Edmund closely misses you.
Fire: a) +0 shortbow
Press: ? - help, Q - select action Shift-Dir - straight line, f/p - Edmund
Aim: Edmund, wielding a +4 dire flail of protection and wearing a +0 ring mail (moderately wounded, 68% to hit)
You shoot an arrow. The arrow closely misses Edmund.
Edmund hits you with a +4 dire flail of protection!
* * * LOW HITPOINT WARNING * * *
Fire: a) +0 shortbow
Press: ? - help, Q - select action Shift-Dir - straight line, f/p - Edmund
Aim: Edmund, wielding a +4 dire flail of protection and wearing a +0 ring mail (moderately wounded, 68% to hit)
You shoot an arrow.
The arrow hits Edmund but does no damage.
Edmund is moderately wounded.
Edmund completely misses you.
Edmund hits you with a +4 dire flail of protection!
You die...

# #
###.#.
...[..###
#..)@.#
#@# #.#
#<# #.#
#.# #.#
#.# ..#
###


You could see Edmund.

Vanquished Creatures
  A howler monkey (D:4)
  Terence (D:3)
  5 adders
  3 dart slugs
  An orc (D:4)
  4 endoplasms
  4 giant cockroaches
  7 goblins
  5 hobgoblins
  2 jackals (D:2)
  A quokka (D:3)
  7 ball pythons
  8 bats
  6 frilled lizards
  3 kobolds
  6 rats
64 creatures vanquished.

Notes
Turn   | Place    | Note
-------+----------+-------------------------------------------
     0 | D:1      | safid the Minotaur Hunter began the quest for the Orb.
     0 | D:1      | Reached XP level 1. HP: 18/18 MP: 0/0
   110 | D:1      | Reached XP level 2. HP: 22/26 MP: 1/1
   616 | D:1      | Found a faded altar of an unknown god.
  1189 | D:2      | Reached skill level 5 in Ranged Weapons
  1189 | D:2      | Reached XP level 3. HP: 31/31 MP: 2/2
  1596 | D:2      | Reached XP level 4. HP: 39/40 MP: 3/3
  2035 | D:3      | Noticed Terence
  2416 | D:3      | Found Lavvav's Vocational Training.
  2604 | D:3      | Killed Terence
  2987 | D:4      | Reached XP level 5. HP: 47/47 MP: 4/4
  2993 | D:4      | Noticed Edmund
  2995 | D:4      | Reached skill level 5 in Fighting
  2995 | D:4      | Reached skill level 6 in Ranged Weapons
  3001 | D:4      | Mangled by Edmund

Illustrated notes

Levels and vault maps discovered:
D:1:      mainiacjoe_arrival_reflecting_pool, layout_loops_corners,
          hellmonk_ecumenical_altar_inner_sanctum, grunt_decor_junction
D:2:      layout_loops_cross, minmay_cupped
D:3:      layout_basic, nicolae_shop_vocational, uniq_terence
D:4:      minmay_skewed_foursquare, layout_loops_ring,
          pdpol_wu_jian_five_deadly_venoms,
          mainiacjoe_overflow_concentric_impassable,
          mainiacjoe_overflow_six_doors_small, uniq_edmund

Skill      XL: |  1  2  3  4  5 |
---------------+----------------+-----
Fighting       | 3 4 5 |  5.0
Ranged Weapons | 5 6 |  6.0
Dodging        | |  2.1
Stealth        | |  0.7

Action                   |  1- 3 |  4- 6 || total
-------------------------+-------+-------++-------
 Fire: Shortbow          |    86 |    74 ||   160
Armor: Leather armour    |    11 |     8 ||    19
       Scale mail        |       |     1 ||     1
Dodge: Dodged            |    18 |    30 ||    48
